BSA
JERSEY SHORE D-BAGS @ GREENVILLE 84S
10/03/2024
 
TOP OF THE 1ST
Jersey Shore D-Bags batting - Pitching for Greenville 84s : LHP Osvaldo Cruz
Pitching: LHP Osvaldo Cruz
Batting: RHB Gerardo Escobedo 0-0: Fly out, F9 (Flyball, 89M)
Batting: SHB Tadahisa Kisuki 0-0: Ball
1-0: DOUBLE (Line Drive, 78D)
Batting: RHB Yoshihide Takahashi 0-0: Called Strike
0-1: Ball
1-1: Called Strike
1-2: SINGLE (Line Drive, 78S)
Tadahisa Kisuki to third
Batting: LHB Dave Dodd 0-0: Ball
1-0: Called Strike
1-1: Ground out 4-3 (Groundball, 4D)
Tadahisa Kisuki scores
Yoshihide Takahashi to second
Batting: RHB Owen Carter 0-0: Ball
1-0: Ball
2-0: Foul Ball, location: 2F
2-1: Ground out 5-3 (Groundball, 56)
Top of the 1st over - 1 run(s), 2 hit(s), 0 error(s), 1 left on base; Jersey Shore 1 - Greenville 0
BOTTOM OF THE 1ST
Greenville 84s batting - Pitching for Jersey Shore D-Bags : RHP Roland Martin
Pitching: RHP Roland Martin
Batting: RHB Carlos Torres 0-0: Called Strike
0-1: Ground out 6-3 (Groundball, 6M)
Batting: LHB Brock Larsen 0-0: Swinging Strike
0-1: Ball
1-1: Ball
2-1: Ball
3-1: Called Strike
3-2: Base on Balls
Batting: RHB Enzo Díaz 0-0: Called Strike
0-1: Ball
1-1: Called Strike
1-2: Ball
2-2: Hit by Pitch
Brock Larsen to second
Batting: LHB Jimmy Vickers 0-0: SINGLE (Flyball, 89S)
Brock Larsen to third
Enzo Díaz to second
Runner from 3rd tries for Home, SAFE, no throw or cutoff
Batting: LHB Paco Rosas 0-0: Grounds into double play, 4-6-3 (Groundball, 4M)
Bottom of the 1st over - 1 run(s), 1 hit(s), 0 error(s), 1 left on base; Jersey Shore 1 - Greenville 1
TOP OF THE 2ND
Jersey Shore D-Bags batting - Pitching for Greenville 84s : LHP Osvaldo Cruz
Batting: LHB Mike Bryant 0-0: Ball
1-0: Foul Ball, location: 2F
1-1: Ball
2-1: Called Strike
2-2: Ground out U3 (Groundball, 3L)
Batting: RHB Millard Boyd 0-0: Ball
1-0: Foul Ball, location: 2F
1-1: Ball
2-1: Fly out, F7 (Line Drive, 7M)
Batting: SHB William Martel 0-0: Foul Ball, location: 2F
0-1: Ball
1-1: Ball
2-1: Ball
3-1: Foul Ball, location: 2F
3-2: Base on Balls
Batting: RHB Cy Keynes 0-0: Fly out, F8 (Flyball, 8LS)
Top of the 2nd over - 0 run(s), 0 hit(s), 0 error(s), 1 left on base; Jersey Shore 1 - Greenville 1
BOTTOM OF THE 2ND
Greenville 84s batting - Pitching for Jersey Shore D-Bags : RHP Roland Martin
Batting: LHB Kiyonaga Morita 0-0: Ball
1-0: Called Strike
1-1: Foul Ball, location: 2F
1-2: Foul Ball, location: 2F
1-2: Strikes out looking
Batting: LHB Al Mills 0-0: Ball
1-0: Ball
2-0: Foul Ball, location: 2F
2-1: Foul Ball, location: 2F
2-2: Foul Ball, location: 2F
2-2: Ball
3-2: Foul Ball, location: 2F
3-2: Ground out 6-3 (Groundball, 6M)
Batting: LHB Chris Moore 0-0: Called Strike
0-1: Ball
1-1: Called Strike
1-2: Fly out, F6 (Popup, 6MD)
Bottom of the 2nd over - 0 run(s), 0 hit(s), 0 error(s), 0 left on base; Jersey Shore 1 - Greenville 1
TOP OF THE 3RD
Jersey Shore D-Bags batting - Pitching for Greenville 84s : LHP Osvaldo Cruz
Batting: RHB Gerardo Escobedo 0-0: Ball
1-0: Ground out 4-3 (Groundball, 34)
Batting: SHB Tadahisa Kisuki 0-0: Ball
1-0: Ball
2-0: Ball
3-0: Called Strike
3-1: Reached on error, E6 (Groundball, 6)
Batting: RHB Yoshihide Takahashi 0-0: Ball
1-0: Ball
2-0: Fly out, F9 (Flyball, 89S)
Batting: LHB Dave Dodd 0-0: Foul Ball, location: 2F
0-1: Ball
1-1: DOUBLE (Line Drive, 7LS)
Tadahisa Kisuki scores
Batting: RHB Owen Carter 0-0: DOUBLE (Line Drive, 78S)
Dave Dodd scores
Batting: LHB Mike Bryant 0-0: Ball
1-0: Called Strike
1-1: Fly out, F7 (Flyball, 78S)
Top of the 3rd over - 2 run(s), 2 hit(s), 1 error(s), 1 left on base; Jersey Shore 3 - Greenville 1
BOTTOM OF THE 3RD
Greenville 84s batting - Pitching for Jersey Shore D-Bags : RHP Roland Martin
Batting: LHB Vicente Bueno 0-0: Foul Ball, location: 2F
0-1: Ball
1-1: Swinging Strike
1-2: Strikes out swinging
Batting: RHB Carlos Torres 0-0: Called Strike
0-1: Foul Ball, location: 2F
0-2: Foul Ball, location: 2F
0-2: Ball
1-2: SINGLE (Line Drive, 9LM)
Batting: LHB Brock Larsen 0-0: Called Strike
0-1: 2-RUN HOME RUN (Flyball, 7D), Distance : 356 ft
Batting: RHB Enzo Díaz 0-0: Called Strike
0-1: Foul Ball, location: 2F
0-2: Ball
1-2: Foul Ball, location: 2F
1-2: Strikes out looking
Batting: LHB Jimmy Vickers 0-0: Ball
1-0: Called Strike
1-1: Ball
2-1: Ball
3-1: Called Strike
3-2: DOUBLE (Line Drive, 7LS)
Batting: LHB Paco Rosas 0-0: Called Strike
0-1: SINGLE (Line Drive, 34D)
Jimmy Vickers to third
Runner from 3rd tries for Home, SAFE, throw made home
Paco Rosas to second
Batting: LHB Kiyonaga Morita 0-0: Swinging Strike
0-1: Ball
1-1: Ball
2-1: Called Strike
2-2: Strikes out swinging
Bottom of the 3rd over - 3 run(s), 4 hit(s), 0 error(s), 1 left on base; Jersey Shore 3 - Greenville 4
TOP OF THE 4TH
Jersey Shore D-Bags batting - Pitching for Greenville 84s : LHP Osvaldo Cruz
Batting: RHB Millard Boyd 0-0: Ball
1-0: Foul Ball, location: 2F
1-1: Ball
2-1: Foul Ball, location: 2F
2-2: Foul Ball, location: 2F
2-2: Fly out, F7 (Line Drive, 7M)
Batting: SHB William Martel 0-0: Ball
1-0: Ground out 4-3 (Groundball, 4M)
Batting: RHB Cy Keynes 0-0: Called Strike
0-1: Ball
1-1: Called Strike
1-2: Ball
2-2: Foul Ball, location: 2F
2-2: Ball
3-2: Strikes out swinging
Top of the 4th over - 0 run(s), 0 hit(s), 0 error(s), 0 left on base; Jersey Shore 3 - Greenville 4
BOTTOM OF THE 4TH
Greenville 84s batting - Pitching for Jersey Shore D-Bags : RHP Roland Martin
Batting: LHB Al Mills 0-0: Ball
1-0: Ball
2-0: Fly out, F7 (Flyball, 78S)
Batting: LHB Chris Moore 0-0: Swinging Strike
0-1: Ball
1-1: Ball
2-1: Foul Ball, location: 2F
2-2: Foul Ball, location: 2F
2-2: Strikes out swinging
Batting: LHB Vicente Bueno 0-0: Ball
1-0: Ball
2-0: Foul Ball, location: 2F
2-1: Fly out, F6 (Popup, 56D)
Bottom of the 4th over - 0 run(s), 0 hit(s), 0 error(s), 0 left on base; Jersey Shore 3 - Greenville 4
TOP OF THE 5TH
Jersey Shore D-Bags batting - Pitching for Greenville 84s : LHP Osvaldo Cruz
Batting: RHB Gerardo Escobedo 0-0: Ball
1-0: Ball
2-0: Swinging Strike
2-1: Ball
3-1: Foul Ball, location: 2F
3-2: Foul Ball, location: 2F
3-2: Foul Ball, location: 2F
3-2: Ground out 6-3 (Groundball, 6)
Batting: SHB Tadahisa Kisuki 0-0: Ball
1-0: Called Strike
1-1: Ball
2-1: Ground out 6-3 (Groundball, 6M)
Batting: RHB Yoshihide Takahashi 0-0: SINGLE (Groundball, 13S) (infield hit)
Batting: LHB Dave Dodd 0-0: Ball
1-0: Called Strike
1-1: Called Strike
1-2: Ball
Yoshihide Takahashi steals 2nd base
2-2: Ground out 4-3 (Groundball, 34)
Top of the 5th over - 0 run(s), 1 hit(s), 0 error(s), 1 left on base; Jersey Shore 3 - Greenville 4
BOTTOM OF THE 5TH
Greenville 84s batting - Pitching for Jersey Shore D-Bags : RHP Roland Martin
Batting: RHB Carlos Torres 0-0: SOLO HOME RUN (Line Drive, 7LD), Distance : 363 ft
Batting: LHB Brock Larsen 0-0: Ball
1-0: SINGLE (Line Drive, 8LS)
Batting: RHB Enzo Díaz 0-0: Fly out, F7 (Line Drive, 7S)
Batting: LHB Jimmy Vickers 0-0: Ball
1-0: Called Strike
1-1: Ball
2-1: Ball
3-1: Foul Ball, location: 2F
3-2: Strikes out swinging
Brock Larsen is caught stealing 2nd base
Batter strikes out.
Bottom of the 5th over - 1 run(s), 2 hit(s), 0 error(s), 0 left on base; Jersey Shore 3 - Greenville 5
TOP OF THE 6TH
Jersey Shore D-Bags batting - Pitching for Greenville 84s : LHP Osvaldo Cruz
Batting: RHB Owen Carter 0-0: Foul Ball, location: 2F
0-1: Ball
1-1: Ball
2-1: Ground out 5-3 (Groundball, 56)
Batting: LHB Mike Bryant 0-0: Ball
1-0: Ball
2-0: Called Strike
2-1: Called Strike
2-2: Foul Ball, location: 2F
2-2: Strikes out swinging
Batting: RHB Millard Boyd 0-0: Called Strike
0-1: Foul Ball, location: 2F
0-2: Ball
1-2: Ball
2-2: Ball
3-2: Fly out, F9 (Flyball, 9M)
Top of the 6th over - 0 run(s), 0 hit(s), 0 error(s), 0 left on base; Jersey Shore 3 - Greenville 5
BOTTOM OF THE 6TH
Greenville 84s batting - Pitching for Jersey Shore D-Bags : RHP Roland Martin
Batting: LHB Paco Rosas 0-0: Swinging Strike
0-1: Swinging Strike
0-2: Ground out 4-3 (Groundball, 4)
Batting: LHB Kiyonaga Morita 0-0: Swinging Strike
0-1: Foul Ball, location: 2F
0-2: Ball
1-2: Foul Ball, location: 2F
1-2: Foul Ball, location: 2F
1-2: Ball
2-2: Strikes out looking
Batting: LHB Al Mills 0-0: Called Strike
0-1: Foul Ball, location: 2F
0-2: Ball
1-2: Foul Ball, location: 2F
1-2: Ball
2-2: Fly out, F7 (Flyball, 7D)
Bottom of the 6th over - 0 run(s), 0 hit(s), 0 error(s), 0 left on base; Jersey Shore 3 - Greenville 5
TOP OF THE 7TH
Jersey Shore D-Bags batting - Pitching for Greenville 84s : LHP Osvaldo Cruz
Batting: SHB William Martel 0-0: Foul Ball, location: 2F
0-1: Swinging Strike
0-2: SINGLE (Line Drive, 7S)
Pitching: LHP Manuel Herrera
Batting: RHB Cy Keynes 0-0: SINGLE (Flyball, 78S)
William Martel to second
Batting: RHB Gerardo Escobedo 0-0: Bunted foul
0-1: Bunted foul
0-2: SINGLE (Groundball, 4D)
William Martel to third
Cy Keynes to second
Pinch Hitting: RHB Pedro Rodríguez 0-0: Ball
1-0: SINGLE (Groundball, 6MD)
William Martel scores
Cy Keynes to third
Gerardo Escobedo to second
Batting: RHB Yoshihide Takahashi 0-0: Called Strike
0-1: DOUBLE (Flyball, 8LXD)
Cy Keynes scores
Gerardo Escobedo scores
Pedro Rodríguez to third
Batting: LHB Dave Dodd 0-0: Intentional Walk
Batting: RHB Owen Carter 0-0: Ball
1-0: Ball
2-0: Ball
3-0: Called Strike
3-1: Called Strike
3-2: Base on Balls
Pedro Rodríguez scores
Yoshihide Takahashi to third
Dave Dodd to second
Pitching: LHP Mike Graves
Batting: LHB Mike Bryant 0-0: Foul Ball, location: 2F
0-1: Foul Ball, location: 2F
0-2: Foul Ball, location: 2F
0-2: Ball
1-2: Strikes out swinging
Batting: RHB Millard Boyd 0-0: SINGLE (Flyball, 8LS)
Yoshihide Takahashi scores
Dave Dodd to third
Owen Carter to second
Batting: SHB William Martel 0-0: Reached on error, E6 (Groundball, 6M)
Dave Dodd scores
Owen Carter to third
Millard Boyd to second
Batting: RHB Cy Keynes 0-0: Ball
1-0: Foul Ball, location: 2F
1-1: Ball
2-1: Grounds into double play, 4-6-3 (Groundball, 4)
Top of the 7th over - 6 run(s), 6 hit(s), 1 error(s), 2 left on base; Jersey Shore 9 - Greenville 5
BOTTOM OF THE 7TH
Greenville 84s batting - Pitching for Jersey Shore D-Bags : RHP Roland Martin
Now at 1B: Pedro Rodríguez
Batting: LHB Chris Moore 0-0: Ball
1-0: Called Strike
1-1: Ball
2-1: Swinging Strike
2-2: Strikes out swinging
Batting: LHB Vicente Bueno 0-0: Swinging Strike
0-1: Foul Ball, location: 2F
0-2: Ball
1-2: SINGLE (Line Drive, 3L)
Batting: RHB Carlos Torres 0-0: Ball
Vicente Bueno is caught stealing 2nd base
1-0: Ground out 6-3 (Groundball, 6M)
Bottom of the 7th over - 0 run(s), 1 hit(s), 0 error(s), 0 left on base; Jersey Shore 9 - Greenville 5
TOP OF THE 8TH
Jersey Shore D-Bags batting - Pitching for Greenville 84s : LHP Mike Graves
Batting: RHB Gerardo Escobedo 0-0: Ball
1-0: SINGLE (Line Drive, 8LS)
Batting: RHB Pedro Rodríguez 0-0: Sac Bunt - play at first, batter OUT! 1-3
Gerardo Escobedo to second
Batting: RHB Yoshihide Takahashi 0-0: Called Strike
0-1: Swinging Strike
0-2: Ball
1-2: 2-RUN HOME RUN (Flyball, 7D), Distance : 350 ft
Batting: LHB Dave Dodd 0-0: Reached on error, E5 (Groundball, 56S)
Batting: RHB Owen Carter 0-0: Called Strike
0-1: Swinging Strike
Pickoff Throw to First - Out!
0-2: Reached on error, E5 (Groundball, 5S)
Batting: LHB Mike Bryant 0-0: Ball
1-0: Ball
Wild Pitch!
Owen Carter to second
2-0: Called Strike
2-1: Fly out, F7 (Flyball, 7LM)
Top of the 8th over - 2 run(s), 2 hit(s), 2 error(s), 1 left on base; Jersey Shore 11 - Greenville 5
BOTTOM OF THE 8TH
Greenville 84s batting - Pitching for Jersey Shore D-Bags : RHP Roland Martin
Pitching: LHP Hyo-chin Kim
Batting: LHB Brock Larsen 0-0: Called Strike
0-1: Foul Ball, location: 2F
0-2: Ball
1-2: Ground out 6-3 (Groundball, 6)
Batting: RHB Enzo Díaz 0-0: Foul Ball, location: 2F
0-1: Ball
1-1: Ball
2-1: Called Strike
2-2: Ball
3-2: Ground out 6-3 (Groundball, 6M)
Batting: LHB Jimmy Vickers 0-0: Ball
1-0: Foul Ball, location: 2F
1-1: Called Strike
1-2: Strikes out swinging
Bottom of the 8th over - 0 run(s), 0 hit(s), 0 error(s), 0 left on base; Jersey Shore 11 - Greenville 5
TOP OF THE 9TH
Jersey Shore D-Bags batting - Pitching for Greenville 84s : LHP Mike Graves
Pitching: LHP Francisco Ríos
Batting: RHB Millard Boyd 0-0: Called Strike
0-1: SINGLE (Groundball, 15) (infield hit)
Batting: SHB William Martel 0-0: Sac Bunt - play at first, batter OUT! 1-3
Millard Boyd to second
Batting: RHB Cy Keynes 0-0: Ball
1-0: Ground out 5-3 (Groundball, 56S)
Millard Boyd to third
Batting: RHB Gerardo Escobedo 0-0: Called Strike
0-1: Fly out, F7 (Flyball, 7D)
Top of the 9th over - 0 run(s), 1 hit(s), 0 error(s), 1 left on base; Jersey Shore 11 - Greenville 5
BOTTOM OF THE 9TH
Greenville 84s batting - Pitching for Jersey Shore D-Bags : LHP Hyo-chin Kim
Batting: LHB Paco Rosas 0-0: Swinging Strike
0-1: Ball
1-1: Swinging Strike
1-2: Foul Ball, location: 2F
1-2: Ball
2-2: Ball
3-2: Foul Ball, location: 2F
3-2: Strikes out looking
Batting: LHB Kiyonaga Morita 0-0: Ball
1-0: Ball
2-0: Foul Ball, location: 2F
2-1: Ball
3-1: Foul Ball, location: 2F
3-2: Foul Ball, location: 2F
3-2: Base on Balls
Batting: LHB Al Mills 0-0: Grounds out, U3 (Groundball, 3L)
Batting: LHB Chris Moore 0-0: Foul Ball, location: 2F
0-1: Swinging Strike
0-2: Strikes out swinging
Bottom of the 9th over - 0 run(s), 0 hit(s), 0 error(s), 1 left on base; Jersey Shore 11 - Greenville 5
This league is powered by Out of the Park Baseball, the baseball management simulation game for PC, Mac and Linux
Saturday, April 9th, 2016 - OOTP Baseball 16.8 Build 38